 Dungeon Crawl Stone Soup version 0.26.1-11-gd32895ea62 (webtiles) character file.

Game seed: 11426501373907711263

307 ubername the Chopper (level 6, -1/48 HPs)
             Began as a Demonspawn Berserker on Apr 23, 2021.
             Was a Believer of Trog.
             Slain by an orc priest
             ... wielding a cursed -2 flail
              (5 damage)
             ... on level 5 of the Dungeon.
             The game lasted 00:06:06 (5394 turns).

ubername the Chopper (Demonspawn Berserker)         Turns: 5394, Time: 00:06:06

Health: -1/48      AC:  7    Str: 19    XL:     6   Next: 16%
Magic:  6/6        EV: 12    Int:  9    God:    Trog [**....]
Gold:   173        SH:  0    Dex: 12    Spells: 5/5 levels left

rFire    . . .     SeeInvis .   v - +0 battleaxe
rCold    . . .     Faith    .   (shield currently unavailable)
rNeg     . . .     Spirit   .   k - +0 leather armour
rPois    .         Reflect  .   (no helmet)
rElec    .         Harm     .   (no cloak)
rCorr    .         Rampage  .   (no gloves)
Will     .....                  l - +0 pair of boots
Stlth    +.........             (no amulet)
HPRegen  0.16/turn              (no ring)
MPRegen  0.10/turn              (no ring)

@: invisible
A: hooves 1, molten scales 2, demonic guardian 1
a: Renounce Religion, Berserk, Trog's Hand


You were on level 5 of the Dungeon.
You worshipped Trog.
Trog was pleased with you.
You visited 1 branch of the dungeon, and saw 5 of its levels.

You collected 173 gold pieces.

Inventory:

Hand Weapons
 v - a +0 battleaxe (weapon)
 x - a +0 antimagic war axe
Armour
 k - a +0 leather armour (worn)
 l - a +0 pair of boots (worn)
 n - a +0 chain mail
 p - a +0 scale mail
Jewellery
 t - an uncursed ring of protection from fire {unknown}
Wands
 w - a wand of digging (6)
Scrolls
 b - 4 scrolls of teleportation {unknown}
 c - a scroll of immolation {unknown}
 d - a scroll of amnesia {unknown}
 e - 2 scrolls of enchant armour {unknown}
 f - 2 scrolls of blinking {unknown}
 g - 7 scrolls of remove curse {unknown}
 i - a scroll of fog {unknown}
 r - a scroll of enchant weapon {unknown}
 s - 6 scrolls of identify {unknown}
Potions
 h - a potion of cancellation {unknown}
 j - 2 potions of curing {unknown}
 m - 3 potions of lignification {unknown}
 o - a potion of ambrosia {unknown}
 q - a potion of degeneration {unknown}
 u - a potion of might {unknown}


   Skills:
 + Level 4.0 Fighting
 + Level 4.7 Axes
 + Level 2.8 Armour
 + Level 2.6 Dodging
 + Level 1.2 Stealth


You had 5 spell levels left.
You didn't know any spells.
Your spell library was empty.

Dungeon Overview and Level Annotations

Branches:
Dungeon (5/15)
 Temple: D:4-7

Altars:

Shops:
D:4 (


Innate Abilities, Weirdness & Mutations

You have large cloven feet.
You are mostly covered in molten scales. (AC +3)
A weak demonic guardian rushes to your aid.


Message History

The orc priest invokes the aid of Beogh against you.
Beogh smites you!
* * * LOW HITPOINT WARNING * * *
You hit the orc priest.
The orc priest is almost dead.
The orc priest hits you but does no damage.
The orc priest mumbles some strange prayers to Beogh against you.
You barely resist. You barely miss the orc priest.
The orc priest is almost dead.
The orc priest barely misses you.
The orc wizard begins to cast a cantrip, but forgets the words!
You closely miss the orc priest.
The orc priest is almost dead.
The orc priest hits you with a cursed -2 flail.
* * * LOW HITPOINT WARNING * * *
It was a potion of invisibility.
You fade into invisibility!
The orc priest hits you with a cursed -2 flail.
You die...

### #.#
#########.#
#.........#
#5#######.#
#@# #<# #o#
#.# #o# #.#
#..o.oo#
#..
#..o####
... ....
#... ...
..## .. ..#
.


You could see an orc priest, an orc wizard, 2 orcs and a friendly shadow imp
(summoned).

Vanquished Creatures
  An orc priest (D:4)
  An orc wizard (D:3)
  2 worker ants (D:4)
  4 adders
  An adder skeleton (D:4)
  2 worms
  3 dart slugs
  10 orcs
  A giant cockroach (D:2)
  3 goblins
  9 hobgoblins
  4 jackals (D:3)
  9 kobolds
  2 quokkas
  A ball python (D:3)
  12 bats
  4 frilled lizards
  A jackal skeleton (D:4)
  6 rats
76 creatures vanquished.

Vanquished Creatures (collateral kills)
  An ogre (D:4)
  A hound (D:3)
  An ooze (D:4)
  2 orcs (D:4)
  A frilled lizard (D:4)
6 creatures vanquished.

Grand Total: 82 creatures vanquished

Notes
Turn   | Place    | Note
-------+----------+-------------------------------------------
     0 | D:1      | ubername the Demonspawn Berserker began the quest for the
                  | Orb.
     0 | D:1      | Reached XP level 1. HP: 18/18 MP: 1/1
   344 | D:1      | Gained mutation: A weak demonic guardian rushes to your
                  | aid. [demonic ancestry]
   344 | D:1      | Reached XP level 2. HP: 18/24 MP: 2/2
  1594 | D:2      | Gained mutation: You have large cloven feet. [demonic
                  | ancestry]
  1594 | D:2      | Reached XP level 3. HP: 29/29 MP: 3/3
  2020 | D:2      | You fall into a shaft and drop 2 floors!
  2044 | D:3      | Reached ** piety under Trog
  2923 | D:3      | Gained mutation: You are partially covered in molten
                  | scales. (AC +2) [demonic ancestry]
  2923 | D:3      | Reached XP level 4. HP: 24/36 MP: 4/4
  3978 | D:2      | Reached XP level 5. HP: 35/42 MP: 5/5
  4258 | D:4      | Found Vucob's Weapon Shop.
  4288 | D:4      | Noticed an ogre
  4297 | D:4      | Killed an ogre
  4298 | D:4      | Reached skill level 1 in Stealth
  4752 | D:4      | Gained mutation: You are mostly covered in molten scales.
                  | (AC +3) [demonic ancestry]
  4752 | D:4      | Reached XP level 6. HP: 48/48 MP: 6/6
  5257 | D:5      | Entered Level 5 of the Dungeon
  5394 | D:5      | Slain by an orc priest

Illustrated notes

Levels and vault maps discovered:
D:1:      sevenhm_arrival_forest_fort_small_6, layout_loops_corners
D:2:      layout_rooms
D:3:      layout_loops_ring, grunt_decor_cap
D:4:      layout_cave_pools, serial_shops, nicolae_shop_trees
D:5:      layout_basic, minmay_temple_entry_sparse_star, lemuel_tele_altar

Skill      XL: |  1  2  3  4  5  6 |
---------------+-------------------+-----
Axes           | 3 4 |  4.7
Armour         | 2 |  2.8
Dodging        | 2 |  2.6
Stealth        | 1 |  1.2
Fighting       | 4 |  4.0

Action                   |  1- 3 |  4- 6 || total
-------------------------+-------+-------++-------
Melee: Hand axe          |   151 |    47 ||   198
       Battleaxe         |       |    96 ||    96
  Use: Potion            |       |     1 ||     1
 Stab: Distracted        |     1 |       ||     1
Armor: Animal skin       |    25 |       ||    25
       Leather armour    |    26 |    59 ||    85
Dodge: Dodged            |   117 |   133 ||   250
